MLB
DETROIT TIGERS @ TORONTO BLUE JAYS
02/27/2042
 
TOP OF THE 1ST
Detroit Tigers batting - Pitching for Toronto Blue Jays : RHP Jim Galloway
Pitching: RHP Jim Galloway
Batting: RHB Luis Martínez 0-0: Ball
1-0: Swinging Strike
1-1: Fly out, F9 (Line Drive, 9, EV 90.6 MPH)
Batting: LHB Luis Arroyo 0-0: Ball
1-0: Ball
2-0: SINGLE (Line Drive, 8LS, EV 104.4 MPH)
Batting: LHB José Perea 0-0: Called Strike
0-1: Foul Ball, location: 7LDF
0-2: Ball
1-2: Strikes out swinging
Batting: LHB Gene Keys 0-0: Ball
1-0: Ground out 4-3 (Groundball, 4, EV 86.9 MPH)
Top of the 1st over - 0 runs, 1 hit, 0 errors, 1 left on base; Detroit 0 - Toronto 0
BOTTOM OF THE 1ST
Toronto Blue Jays batting - Pitching for Detroit Tigers : LHP Alvin Williams
Pitching: LHP Alvin Williams
Batting: RHB Joe Lindsay 0-0: Fly out, F8 (Flyball, 8RXD, EV 98.8 MPH)
Batting: RHB Juan Luna 0-0: Ball
1-0: Ball
2-0: SINGLE (Line Drive, 78S, EV 109.4 MPH)
Batting: LHB Brad Hart 0-0: Called Strike
0-1: Ball
1-1: SINGLE (Groundball, 4S, EV 68.8 MPH) (infield hit)
Juan Luna to second
Batting: RHB Augusto Guerra 0-0: Called Strike
0-1: Foul Ball, location: 3F
0-2: Ball
1-2: Ball
2-2: DOUBLE (Flyball, 78XD, EV 95.0 MPH)
Juan Luna scores
Brad Hart to third
Runner from 3rd tries for Home, SAFE, throw by CF to trailing runner, SAFE at third!
Batting: RHB Bob Powers 0-0: Ground out 5-3 (Groundball, 56S, EV 85.6 MPH)
Batting: LHB Adrián Hernández 0-0: Called Strike
0-1: Ball
1-1: Ball
2-1: Foul Ball, location: 23F
2-2: Foul Ball, location: 7LMF
2-2: Foul Ball, location: 7LDF
2-2: Ball
3-2: Foul Ball, location: 2F
3-2: Base on Balls
Batting: RHB Juan Marín 0-0: Called Strike
0-1: Ball
1-1: Foul Ball, location: 7LMF
1-2: Fielders Choice at 2nd, 6-4 (Groundball, 56, EV 84.4 MPH)
Bottom of the 1st over - 2 runs, 3 hits, 0 errors, 2 left on base; Detroit 0 - Toronto 2
TOP OF THE 2ND
Detroit Tigers batting - Pitching for Toronto Blue Jays : RHP Jim Galloway
Batting: LHB Eric Mason 0-0: Ball
1-0: Ground out 4-3 (Groundball, 4, EV 83.1 MPH)
Batting: LHB Shawn Kline 0-0: Ball
1-0: Ball
2-0: Called Strike
2-1: Foul Ball, location: 3F
2-2: Foul Ball, location: 3F
2-2: Ball
3-2: Fly out, F6 (Popup, 5D, EV 67.5 MPH)
Batting: RHB Joaquín Medina 0-0: Swinging Strike
0-1: Ball
1-1: Called Strike
1-2: Foul Ball, location: 23F
1-2: Fly out, F7 (Flyball, 78M, EV 90.6 MPH)
Top of the 2nd over - 0 runs, 0 hits, 0 errors, 0 left on base; Detroit 0 - Toronto 2
BOTTOM OF THE 2ND
Toronto Blue Jays batting - Pitching for Detroit Tigers : LHP Alvin Williams
Batting: RHB Cal Bean 0-0: Ground out 4-3 (Groundball, 4M, EV 83.1 MPH)
Batting: RHB Charlie Harris 0-0: Called Strike
0-1: Ground out 5-3 (Groundball, 56S, EV 95.0 MPH)
Batting: RHB Joe Lindsay 0-0: Ball
1-0: DOUBLE (Line Drive, 89D, EV 105.6 MPH)
Batting: RHB Juan Luna 0-0: Ball
1-0: Called Strike
1-1: SINGLE (Groundball, 56S, EV 83.1 MPH)
Joe Lindsay to third
Runner from 3rd tries for Home, SAFE, throw by LF to home
Batting: LHB Brad Hart 0-0: Foul Ball, location: 3SF
0-1: Foul Ball, location: 2RF
0-2: Ball
1-2: SINGLE (Groundball, 23, EV 68.1 MPH) (infield hit)
Juan Luna to second
Batting: RHB Augusto Guerra 0-0: Ball
1-0: Ball
2-0: Ball
3-0: Called Strike
3-1: Ground out 6-3 (Groundball, P, EV 86.3 MPH)
Bottom of the 2nd over - 1 run, 3 hits, 0 errors, 2 left on base; Detroit 0 - Toronto 3
TOP OF THE 3RD
Detroit Tigers batting - Pitching for Toronto Blue Jays : RHP Jim Galloway
Batting: LHB Sam Brock 0-0: Swinging Strike
0-1: Swinging Strike
0-2: Foul Ball, location: 5FF
0-2: Ball
1-2: Strikes out looking
Batting: RHB Lião Palma 0-0: Ball
1-0: Foul Ball, location: 2F
1-1: Ball
2-1: Foul Ball, location: 2F
2-2: Ground out 6-3 (Groundball, 6, EV 82.5 MPH)
Batting: RHB Luis Martínez 0-0: Ball
1-0: Ball
2-0: Ball
3-0: Base on Balls
Batting: LHB Luis Arroyo 0-0: Fly out, F8 (Flyball, 8RXD, EV 105.0 MPH)
Top of the 3rd over - 0 runs, 0 hits, 0 errors, 1 left on base; Detroit 0 - Toronto 3
BOTTOM OF THE 3RD
Toronto Blue Jays batting - Pitching for Detroit Tigers : LHP Alvin Williams
Batting: RHB Bob Powers 0-0: Called Strike
0-1: Ball
1-1: Foul Ball, location: 7LSF
1-2: Ball
2-2: Ball
3-2: Strikes out looking
Batting: LHB Adrián Hernández 0-0: Ball
1-0: Called Strike
1-1: Called Strike
1-2: Foul Ball, location: 3F
1-2: Ball
2-2: Foul Ball, location: 7LMF
2-2: Ball
3-2: SINGLE (Groundball, 13S, EV 66.9 MPH) (infield hit)
Batting: RHB Juan Marín 0-0: Grounds into double play, 5-4-3 (Groundball, 56, EV 106.9 MPH)
Bottom of the 3rd over - 0 runs, 1 hit, 0 errors, 0 left on base; Detroit 0 - Toronto 3
TOP OF THE 4TH
Detroit Tigers batting - Pitching for Toronto Blue Jays : RHP Jim Galloway
Batting: LHB José Perea 0-0: Ball
1-0: Called Strike
1-1: Fly out, F8 (Flyball, 8LXD, EV 90.6 MPH)
Batting: LHB Gene Keys 0-0: Called Strike
0-1: Called Strike
0-2: Ball
1-2: Ground out 3-1 (Groundball, 34, EV 80.6 MPH)
Batting: LHB Eric Mason 0-0: Ball
1-0: Ball
2-0: Swinging Strike
2-1: SINGLE (Line Drive, 6D, EV 103.8 MPH)
Batting: LHB Shawn Kline 0-0: Ball
1-0: Ball
2-0: Ball
3-0: Base on Balls
Eric Mason to second
Batting: RHB Joaquín Medina 0-0: Ball
1-0: Foul Ball, location: 2F
1-1: Foul Ball, location: 3DF
1-2: SINGLE (Line Drive, 8LS, EV 93.1 MPH)
Eric Mason to third
Shawn Kline to second
Runner from 3rd tries for Home, SAFE, throw by CF to home
Batting: LHB Sam Brock 0-0: Swinging Strike
0-1: Ball
1-1: Called Strike
1-2: Ball
2-2: Ball
3-2: Base on Balls
Shawn Kline to third
Joaquín Medina to second
Batting: RHB Lião Palma 0-0: Ball
1-0: SINGLE (Line Drive, 78S, EV 106.9 MPH)
Shawn Kline scores
Joaquín Medina to third
Sam Brock to second
Runner from 3rd tries for Home, SAFE, throw by LF to home
Batting: RHB Luis Martínez 0-0: Called Strike
0-1: Ball
1-1: Foul Ball, location: 5F
1-2: Strikes out looking
Top of the 4th over - 3 runs, 3 hits, 0 errors, 2 left on base; Detroit 3 - Toronto 3
BOTTOM OF THE 4TH
Toronto Blue Jays batting - Pitching for Detroit Tigers : LHP Alvin Williams
Batting: RHB Cal Bean 0-0: Called Strike
0-1: Ball
1-1: Foul Ball, location: 9LDF
1-2: Strikes out swinging
Batting: RHB Charlie Harris 0-0: Ground out 5-3 (Groundball, 56S, EV 85.0 MPH)
Batting: RHB Joe Lindsay 0-0: Ball
1-0: Ball
2-0: Ball
3-0: Called Strike
3-1: SINGLE (Line Drive, 56D, EV 98.8 MPH)
Batting: RHB Juan Luna 0-0: Swinging Strike
0-1: Called Strike
0-2: Ball
1-2: Strikes out swinging
Bottom of the 4th over - 0 runs, 1 hit, 0 errors, 1 left on base; Detroit 3 - Toronto 3
TOP OF THE 5TH
Detroit Tigers batting - Pitching for Toronto Blue Jays : RHP Jim Galloway
Pitching: RHP Jorge Rivera
Pinch Hitting: LHB Bob Mundarain 0-0: Foul Ball, location: 7LSF
0-1: Swinging Strike
0-2: Foul Ball, location: 2F
0-2: Foul Ball, location: 25F
0-2: Ball
1-2: Ball
2-2: Strikes out looking
Batting: LHB José Perea 0-0: Foul Ball, location: 7LSF
0-1: Ball
1-1: Called Strike
1-2: Ball
2-2: Fly out, F7 (Flyball, 7D, EV 97.5 MPH)
Pinch Hitting: RHB Jesús Barajas 0-0: Ball
1-0: Ball
2-0: Called Strike
2-1: Foul Ball, location: 5SF
2-2: Foul Ball, location: 23F
2-2: Strikes out swinging
Top of the 5th over - 0 runs, 0 hits, 0 errors, 0 left on base; Detroit 3 - Toronto 3
BOTTOM OF THE 5TH
Toronto Blue Jays batting - Pitching for Detroit Tigers : LHP Alvin Williams
Pitching: RHP Zander Sanders
Now at 1B: Jesús Barajas
Now at 2B: Tache Grigore
Now at SS: Jorge Figueroa
Now in CF: Bob Mundarain
Batting: LHB Brad Hart 0-0: Called Strike
0-1: Ball
1-1: Ball
2-1: SINGLE (Flyball, 9S, EV 86.9 MPH)
Batting: RHB Augusto Guerra 0-0: Ball
1-0: Ball
2-0: Fly out, F8 (Flyball, 8RD, EV 88.8 MPH)
Batting: RHB Bob Powers 0-0: Ball
1-0: SINGLE (Groundball, 6D, EV 95.6 MPH)
Brad Hart to second
Runner from 2nd tries for 3rd, SAFE, throw by CF made to third
Batting: LHB Adrián Hernández 0-0: Grounds into double play, 4-6-3 (Groundball, 34S, EV 91.3 MPH)
Bottom of the 5th over - 0 runs, 2 hits, 0 errors, 1 left on base; Detroit 3 - Toronto 3
TOP OF THE 6TH
Detroit Tigers batting - Pitching for Toronto Blue Jays : RHP Jorge Rivera
Batting: LHB Omar Padilla 0-0: Swinging Strike
0-1: Swinging Strike
0-2: Ball
1-2: Strikes out swinging
Batting: LHB Shawn Kline 0-0: Ground out 6-3 (Groundball, 6, EV 103.8 MPH)
Batting: RHB Tache Grigore 0-0: Called Strike
0-1: Ball
1-1: Ball
2-1: SINGLE (Line Drive, 4D, EV 110.6 MPH)
Batting: LHB Sam Brock 0-0: Ball
Tache Grigore steals 2nd base (no throw)
1-0: Fly out, F6 (Line Drive, 6, EV 76.3 MPH)
Top of the 6th over - 0 runs, 1 hit, 0 errors, 1 left on base; Detroit 3 - Toronto 3
BOTTOM OF THE 6TH
Toronto Blue Jays batting - Pitching for Detroit Tigers : RHP Zander Sanders
Batting: RHB Juan Marín 0-0: Swinging Strike
0-1: Called Strike
0-2: Ball
1-2: Strikes out looking
Batting: RHB Cal Bean 0-0: Foul Ball, location: 5SF
0-1: Ball
1-1: Ball
2-1: Fly out, F7 (Flyball, 78S, EV 88.8 MPH)
Batting: RHB Charlie Harris 0-0: Ball
1-0: SINGLE (Groundball, 4D, EV 104.4 MPH)
Batting: RHB Joe Lindsay 0-0: Ball
Wild Pitch!
Charlie Harris to second
1-0: Foul Ball, location: 9LDF
1-1: Foul Ball, location: 23F
1-2: Ball
2-2: Ball
3-2: Foul Ball, location: 3F
3-2: Strikes out swinging
Bottom of the 6th over - 0 runs, 1 hit, 0 errors, 1 left on base; Detroit 3 - Toronto 3
TOP OF THE 7TH
Detroit Tigers batting - Pitching for Toronto Blue Jays : RHP Jorge Rivera
Pitching: RHP Mike Hunt
Batting: SHB Jorge Figueroa 0-0: Called Strike
0-1: Ground out 4-3 (Groundball, 4, EV 81.3 MPH)
Pinch Hitting: LHB António García 0-0: Ball
1-0: Ground out 4-3 (Groundball, 4, EV 101.9 MPH)
Batting: LHB Bob Mundarain 0-0: Called Strike
0-1: Ball
1-1: Swinging Strike
1-2: Strikes out swinging
Top of the 7th over - 0 runs, 0 hits, 0 errors, 0 left on base; Detroit 3 - Toronto 3
BOTTOM OF THE 7TH
Toronto Blue Jays batting - Pitching for Detroit Tigers : RHP Zander Sanders
Pitching: LHP Robbie Donovan
Now at 3B: António García
Now in RF: Kevin Richter
Batting: RHB Juan Luna 0-0: Ground out 6-3 (Groundball, 6, EV 91.3 MPH)
Batting: LHB Brad Hart 0-0: Ball
1-0: Ball
2-0: Ball
3-0: Called Strike
3-1: Base on Balls
Batting: RHB Augusto Guerra 0-0: Ball
1-0: Ball
2-0: Called Strike
2-1: Ball
Brad Hart steals 2nd base (no throw)
3-1: Base on Balls
Batting: RHB Bob Powers 0-0: Ball
1-0: Ball
2-0: Swinging Strike
2-1: Foul Ball, location: 3F
2-2: Ball
3-2: Foul Ball, location: 7LMF
3-2: SINGLE (Line Drive, 8RS, EV 99.4 MPH)
Brad Hart to third
Augusto Guerra to second
Batting: LHB Adrián Hernández 0-0: Called Strike
0-1: Hit by Pitch
Brad Hart scores
Augusto Guerra to third
Bob Powers to second
Batting: RHB Juan Marín 0-0: Foul Ball, location: 2F
0-1: Swinging Strike
0-2: Ball
1-2: Foul Ball, location: 2F
1-2: Fly out, F3 (Popup, 23F, EV 83.1 MPH)
Batting: RHB Cal Bean 0-0: Ball
1-0: Called Strike
1-1: SINGLE (Groundball, 4MD, EV 110.6 MPH)
Augusto Guerra scores
Bob Powers to third
Adrián Hernández to second
Runner from 3rd tries for Home, throw by CF and OUT! 8-2
Bottom of the 7th over - 2 runs, 2 hits, 0 errors, 2 left on base; Detroit 3 - Toronto 5
TOP OF THE 8TH
Detroit Tigers batting - Pitching for Toronto Blue Jays : RHP Mike Hunt
Batting: LHB Kevin Richter 0-0: Called Strike
0-1: Ball
1-1: Ball
2-1: Foul Ball, location: 9LSF
2-2: Fly out, F8 (Line Drive, 8RM, EV 95.0 MPH)
Pinch Hitting: LHB José García 0-0: Called Strike
0-1: Ball
1-1: Foul Ball, location: 7LDF
1-2: Ground out U3 (Groundball, 3L, EV 83.1 MPH)
Batting: LHB Omar Padilla 0-0: Ground out U3 (Groundball, 34, EV 84.4 MPH)
Top of the 8th over - 0 runs, 0 hits, 0 errors, 0 left on base; Detroit 3 - Toronto 5
BOTTOM OF THE 8TH
Toronto Blue Jays batting - Pitching for Detroit Tigers : LHP Robbie Donovan
Pitching: RHP Jeff Hill
Now at 1B: José García
Batting: RHB Charlie Harris 0-0: Called Strike
0-1: Fly out, F2 (Popup, 25F, EV 87.5 MPH)
Batting: RHB Joe Lindsay 0-0: Swinging Strike
0-1: Called Strike
0-2: Ball
1-2: Ball
2-2: Foul Ball, location: 3F
2-2: Ball
3-2: Foul Ball, location: 5F
3-2: Strikes out swinging
Batting: RHB Juan Luna 0-0: Ball
1-0: Fly out, F8 (Flyball, 8RM, EV 91.3 MPH)
Bottom of the 8th over - 0 runs, 0 hits, 0 errors, 0 left on base; Detroit 3 - Toronto 5
TOP OF THE 9TH
Detroit Tigers batting - Pitching for Toronto Blue Jays : RHP Mike Hunt
Pitching: RHP Ken Scott
Pinch Hitting: RHB Joe Smith 0-0: Ball
1-0: Called Strike
1-1: Called Strike
1-2: Foul Ball, location: 3F
1-2: Ground out 4-3 (Groundball, 4, EV 87.5 MPH)
Batting: RHB Tache Grigore 0-0: Ball
1-0: Ball
2-0: Called Strike
2-1: Ball
3-1: Swinging Strike
3-2: Foul Ball, location: 2F
3-2: Strikes out swinging
Batting: LHB Sam Brock 0-0: Called Strike
0-1: Ball
1-1: Swinging Strike
1-2: Ball
2-2: Fly out, F9 (Flyball, 9LSF, EV 95.0 MPH)
Top of the 9th over - 0 runs, 0 hits, 0 errors, 0 left on base; Detroit 3 - Toronto 5
Friday, May 3rd , 2024 - OOTP Baseball 24.10 Build 82